| TOP OF THE 1ST |
|
Montgomery Rebels batting - Pitching for Knoxville Blue Jays : RHP Alex Orozco
|
|
Pitching: RHP Alex Orozco
|
|
|
Batting: LHB Chris Stropolo
|
0-0: Called Strike 0-1: Called Strike 0-2: Foul Ball, location: 2F 0-2: Ball 1-2: Strikes out swinging, 2-3 out at first.
|
|
Batting: LHB Dwayne Murphy
|
0-0: Ball 1-0: Called Strike 1-1: Swinging Strike 1-2: Ball 2-2: Ball 3-2: Foul Ball, location: 2F 3-2: Strikes out looking
|
|
Batting: LHB Greg Brock
|
0-0: Ball 1-0: Ball 2-0: Ball 3-0: Called Strike 3-1: Foul Ball, location: 2F 3-2: Foul Ball, location: 2F 3-2: Base on Balls
|
|
Batting: RHB Eugeniuo Cotes
|
0-0: Called Strike 0-1: Ball 1-1: Ball 2-1: Fly out, F9 (Flyball, 89M, EV 84.4 MPH)
|
| Top of the 1st over - 0 runs, 0 hits, 0 errors, 1 left on base; Montgomery 0 - Knoxville 0 |
| BOTTOM OF THE 1ST |
|
Knoxville Blue Jays batting - Pitching for Montgomery Rebels : RHP Luis Machado
|
|
Pitching: RHP Luis Machado
|
|
|
Batting: SHB Albert Hall
|
0-0: Bunt for hit to 15S - play at first, batter OUT! 1-3
|
|
Batting: RHB Alex Villalobos
|
0-0: Ground out 4-3 (Groundball, 4, EV 85.0 MPH)
|
|
Batting: RHB Jose Canseco
|
0-0: Ball 1-0: Called Strike 1-1: Ball 2-1: Ball 3-1: Base on Balls
|
|
Batting: LHB Ray Cosey
|
0-0: SINGLE (Groundball, 34D, EV 101.9 MPH) (infield hit) Jose Canseco to second
|
|
Batting: LHB Joe Bivins
|
0-0: Ball Passed Ball! Jose Canseco to third Ray Cosey to second 1-0: SINGLE (Groundball, 3D, EV 95.6 MPH) Jose Canseco scores Ray Cosey to third Runner from 3rd tries for Home, SAFE, throw by RF to home Joe Bivins to second
|
|
Batting: RHB Hank Small
|
0-0: Ground out 6-3 (Groundball, 6M, EV 79.4 MPH)
|
| Bottom of the 1st over - 2 runs, 2 hits, 0 errors, 1 left on base; Montgomery 0 - Knoxville 2 |
| TOP OF THE 2ND |
|
Montgomery Rebels batting - Pitching for Knoxville Blue Jays : RHP Alex Orozco
|
|
Batting: SHB Mike Thorpe
|
0-0: Foul Ball, location: 2F 0-1: Fly out, F7 (Line Drive, 7D, EV 96.9 MPH)
|
|
Batting: RHB Glenn Williams
|
0-0: Ball 1-0: Ball 2-0: Called Strike 2-1: Foul Ball, location: 2F 2-2: Foul Ball, location: 2F 2-2: Strikes out swinging
|
|
Batting: SHB Arthur Fischetti
|
0-0: Foul Ball, location: 2F 0-1: Ball 1-1: Ball 2-1: Foul Ball, location: 2F 2-2: Foul Ball, location: 2F 2-2: Foul Ball, location: 2F 2-2: Ball 3-2: Base on Balls
|
|
Batting: RHB Jeff Schumaker
|
0-0: Ball 1-0: Foul Ball, location: 2F 1-1: Swinging Strike 1-2: SINGLE (Groundball, 6MD, EV 106.3 MPH) Arthur Fischetti to second Runner from 2nd tries for 3rd, SAFE, throw by CF made to third
|
|
Batting: RHB Mike Colbern
|
0-0: Ball 1-0: Ball 2-0: Called Strike 2-1: Ball 3-1: Swinging Strike 3-2: Strikes out swinging
|
| Top of the 2nd over - 0 runs, 1 hit, 0 errors, 2 left on base; Montgomery 0 - Knoxville 2 |
| BOTTOM OF THE 2ND |
|
Knoxville Blue Jays batting - Pitching for Montgomery Rebels : RHP Luis Machado
|
|
Batting: LHB Danny Goodwin
|
0-0: Ball 1-0: Called Strike 1-1: Swinging Strike 1-2: Foul Ball, location: 2F 1-2: Strikes out swinging
|
|
Batting: RHB Alex Taveras
|
0-0: Called Strike 0-1: Swinging Strike 0-2: Ground out 6-3 (Groundball, 56, EV 85.0 MPH)
|
|
Batting: RHB Jerry Royster
|
0-0: Ball 1-0: Ball 2-0: Called Strike 2-1: Ground out 6-3 (Groundball, 6, EV 86.9 MPH)
|
| Bottom of the 2nd over - 0 runs, 0 hits, 0 errors, 0 left on base; Montgomery 0 - Knoxville 2 |
| TOP OF THE 3RD |
|
Montgomery Rebels batting - Pitching for Knoxville Blue Jays : RHP Alex Orozco
|
|
Batting: LHB Chris Stropolo
|
0-0: Foul Ball, location: 2F 0-1: Ball 1-1: Fly out, F7 (Flyball, 7LD, EV 95.0 MPH)
|
|
Batting: LHB Dwayne Murphy
|
0-0: Ball 1-0: Ball 2-0: Ball 3-0: Called Strike 3-1: Foul Ball, location: 2F 3-2: Foul Ball, location: 2F 3-2: Strikes out looking
|
|
Batting: LHB Greg Brock
|
0-0: Swinging Strike 0-1: Ball 1-1: Foul Ball, location: 2F 1-2: Foul Ball, location: 2F 1-2: Strikes out looking
|
| Top of the 3rd over - 0 runs, 0 hits, 0 errors, 0 left on base; Montgomery 0 - Knoxville 2 |
| BOTTOM OF THE 3RD |
|
Knoxville Blue Jays batting - Pitching for Montgomery Rebels : RHP Luis Machado
|
|
Batting: SHB Albert Hall
|
0-0: Ball 1-0: Called Strike 1-1: SINGLE (Line Drive, 9S, EV 99.4 MPH)
|
|
Batting: RHB Alex Villalobos
|
0-0: Grounds into double play, 6-4-3 (Groundball, 6S, EV 86.3 MPH)
|
|
Batting: RHB Jose Canseco
|
0-0: Ball 1-0: Ball 2-0: Ball 3-0: Called Strike 3-1: Base on Balls
|
|
Batting: LHB Ray Cosey
|
0-0: Ball 1-0: Called Strike 1-1: Foul Ball, location: 2F 1-2: Fielders Choice at 2nd, 5-4 (Groundball, 5, EV 106.9 MPH)
|
| Bottom of the 3rd over - 0 runs, 1 hit, 0 errors, 1 left on base; Montgomery 0 - Knoxville 2 |
| TOP OF THE 4TH |
|
Montgomery Rebels batting - Pitching for Knoxville Blue Jays : RHP Alex Orozco
|
|
Batting: RHB Eugeniuo Cotes
|
0-0: Ball 1-0: Ball 2-0: Called Strike 2-1: Ball 3-1: Foul Ball, location: 2F 3-2: Strikes out swinging
|
|
Batting: SHB Mike Thorpe
|
0-0: Ball 1-0: Ground out 5-3 (Groundball, 5, EV 109.4 MPH)
|
|
Batting: RHB Glenn Williams
|
0-0: Called Strike 0-1: Swinging Strike 0-2: Strikes out swinging
|
| Top of the 4th over - 0 runs, 0 hits, 0 errors, 0 left on base; Montgomery 0 - Knoxville 2 |
| BOTTOM OF THE 4TH |
|
Knoxville Blue Jays batting - Pitching for Montgomery Rebels : RHP Luis Machado
|
|
Batting: LHB Joe Bivins
|
0-0: Foul Ball, location: 2F 0-1: Foul Ball, location: 2F 0-2: Ball 1-2: Foul Ball, location: 2F 1-2: Ball 2-2: Ball 3-2: Foul Ball, location: 2F 3-2: Base on Balls
|
|
Batting: RHB Hank Small
|
0-0: Called Strike 0-1: Ball 1-1: Foul Ball, location: 2F 1-2: SINGLE (Groundball, 56D, EV 103.8 MPH) Joe Bivins to second
|
|
Batting: LHB Danny Goodwin
|
0-0: Called Strike 0-1: Ball 1-1: DOUBLE (Line Drive, 5D, EV 106.9 MPH) Joe Bivins scores Hank Small to third
|
|
Batting: RHB Alex Taveras
|
0-0: Foul Ball, location: 2F 0-1: Reached on error, E5 (Groundball, 5, EV 96.9 MPH) Hank Small scores Danny Goodwin to third
|
|
Batting: RHB Jerry Royster
|
0-0: Foul Ball, location: 2F 0-1: Ball 1-1: Swinging Strike 1-2: Ball 2-2: Foul Ball, location: 2F 2-2: Strikes out swinging
|
|
Batting: SHB Albert Hall
|
0-0: Ball 1-0: Ball 2-0: Ball 3-0: Base on Balls Alex Taveras to second
|
|
Batting: RHB Alex Villalobos
|
0-0: Ball 1-0: Foul Ball, location: 2F 1-1: Swinging Strike 1-2: Ball 2-2: Ground out 4-3 (Groundball, 4S, EV 70.0 MPH) Danny Goodwin scores Alex Taveras to third Albert Hall to second
|
|
Batting: RHB Jose Canseco
|
0-0: Ground out 5-3 (Groundball, 56, EV 97.5 MPH)
|
| Bottom of the 4th over - 3 runs, 2 hits, 1 error, 2 left on base; Montgomery 0 - Knoxville 5 |
| TOP OF THE 5TH |
|
Montgomery Rebels batting - Pitching for Knoxville Blue Jays : RHP Alex Orozco
|
|
Batting: SHB Arthur Fischetti
|
0-0: Called Strike 0-1: Swinging Strike 0-2: Ball 1-2: Strikes out looking
|
|
Batting: RHB Jeff Schumaker
|
0-0: Ball 1-0: Ground out 6-3 (Groundball, 56, EV 97.5 MPH)
|
|
Batting: RHB Mike Colbern
|
0-0: Called Strike 0-1: Ball 1-1: Ball 2-1: Swinging Strike 2-2: Foul Ball, location: 2F 2-2: Foul Ball, location: 2F 2-2: Strikes out looking
|
| Top of the 5th over - 0 runs, 0 hits, 0 errors, 0 left on base; Montgomery 0 - Knoxville 5 |
| BOTTOM OF THE 5TH |
|
Knoxville Blue Jays batting - Pitching for Montgomery Rebels : RHP Luis Machado
|
|
Batting: LHB Ray Cosey
|
0-0: Called Strike 0-1: Fly out, F6 (Popup, 6D, EV 49.4 MPH)
|
|
Batting: LHB Joe Bivins
|
0-0: Ball 1-0: Foul Ball, location: 2F 1-1: Ball 2-1: Foul Ball, location: 2F 2-2: Ball 3-2: Foul Ball, location: 2F 3-2: SINGLE (Groundball, 23, EV 75.6 MPH) (infield hit)
|
|
Batting: RHB Hank Small
|
0-0: Called Strike 0-1: Grounds into double play, 4-6-3 (Groundball, 4, EV 93.8 MPH)
|
| Bottom of the 5th over - 0 runs, 1 hit, 0 errors, 0 left on base; Montgomery 0 - Knoxville 5 |
| TOP OF THE 6TH |
|
Montgomery Rebels batting - Pitching for Knoxville Blue Jays : RHP Alex Orozco
|
|
Batting: LHB Chris Stropolo
|
0-0: Foul Ball, location: 2F 0-1: Ground out 6-3 (Groundball, 6, EV 86.9 MPH)
|
|
Batting: LHB Dwayne Murphy
|
0-0: Called Strike 0-1: Ball 1-1: Called Strike 1-2: Ball 2-2: Foul Ball, location: 2F 2-2: Strikes out looking
|
|
Batting: LHB Greg Brock
|
0-0: Called Strike 0-1: Ball 1-1: Fly out, F9 (Flyball, 9D, EV 95.6 MPH)
|
| Top of the 6th over - 0 runs, 0 hits, 0 errors, 0 left on base; Montgomery 0 - Knoxville 5 |
| BOTTOM OF THE 6TH |
|
Knoxville Blue Jays batting - Pitching for Montgomery Rebels : RHP Luis Machado
|
|
Batting: LHB Danny Goodwin
|
0-0: Foul Ball, location: 2F 0-1: Called Strike 0-2: Ground out 3-1 (Groundball, 34S, EV 88.8 MPH)
|
|
Batting: RHB Alex Taveras
|
0-0: Called Strike 0-1: Called Strike 0-2: Strikes out looking
|
|
Batting: RHB Jerry Royster
|
0-0: Ball 1-0: Ground out 1-3 (Groundball, P, EV 61.9 MPH)
|
| Bottom of the 6th over - 0 runs, 0 hits, 0 errors, 0 left on base; Montgomery 0 - Knoxville 5 |
| TOP OF THE 7TH |
|
Montgomery Rebels batting - Pitching for Knoxville Blue Jays : RHP Alex Orozco
|
|
Batting: RHB Eugeniuo Cotes
|
0-0: Foul Ball, location: 2F 0-1: SINGLE (Line Drive, 8LS, EV 92.5 MPH)
|
|
Batting: SHB Mike Thorpe
|
0-0: Called Strike 0-1: Ball 1-1: Ball 2-1: Grounds into double play, 6-4-3 (Groundball, 6, EV 88.1 MPH)
|
|
Batting: RHB Glenn Williams
|
0-0: Ball 1-0: Called Strike 1-1: Ball 2-1: Foul Ball, location: 2F 2-2: Ball 3-2: Ground out 5-3 (Groundball, 56, EV 87.5 MPH)
|
| Top of the 7th over - 0 runs, 1 hit, 0 errors, 0 left on base; Montgomery 0 - Knoxville 5 |
| BOTTOM OF THE 7TH |
|
Knoxville Blue Jays batting - Pitching for Montgomery Rebels : RHP Luis Machado
|
|
Batting: SHB Albert Hall
|
0-0: Called Strike 0-1: Ball 1-1: Foul Ball, location: 2F 1-2: Strikes out swinging
|
|
Batting: RHB Alex Villalobos
|
0-0: Fly out, F8 (Flyball, 78M, EV 86.9 MPH)
|
|
Batting: RHB Jose Canseco
|
0-0: Called Strike 0-1: Ball 1-1: SINGLE (Line Drive, 4MD, EV 109.4 MPH)
|
|
Batting: LHB Ray Cosey
|
0-0: Fielders Choice at 2nd, U4 (Groundball, 4M, EV 91.3 MPH)
|
| Bottom of the 7th over - 0 runs, 1 hit, 0 errors, 1 left on base; Montgomery 0 - Knoxville 5 |
| TOP OF THE 8TH |
|
Montgomery Rebels batting - Pitching for Knoxville Blue Jays : RHP Alex Orozco
|
|
Batting: SHB Arthur Fischetti
|
0-0: Ball 1-0: Ball 2-0: Ground out 4-3 (Groundball, 34D, EV 108.1 MPH)
|
|
Batting: RHB Jeff Schumaker
|
0-0: Ball 1-0: Ball 2-0: SINGLE (Groundball, 34D, EV 94.4 MPH)
|
|
Batting: RHB Mike Colbern
|
0-0: Swinging Strike 0-1: Ball 1-1: Foul Ball, location: 2F 1-2: Strikes out swinging
|
|
Batting: LHB Chris Stropolo
|
0-0: Ball 1-0: Called Strike 1-1: Called Strike 1-2: Strikes out swinging
|
| Top of the 8th over - 0 runs, 1 hit, 0 errors, 1 left on base; Montgomery 0 - Knoxville 5 |
| BOTTOM OF THE 8TH |
|
Knoxville Blue Jays batting - Pitching for Montgomery Rebels : RHP Luis Machado
|
|
Batting: LHB Joe Bivins
|
0-0: Called Strike 0-1: Ball 1-1: Foul Ball, location: 2F 1-2: Foul Ball, location: 2F 1-2: SINGLE (Line Drive, 78M, EV 99.4 MPH)
|
|
Batting: RHB Hank Small
|
0-0: Called Strike 0-1: Ball 1-1: Ball 2-1: Ball 3-1: Grounds into double play, 5-4-3 (Groundball, 5, EV 90.0 MPH)
|
|
Batting: LHB Danny Goodwin
|
0-0: Foul Ball, location: 2F 0-1: Ball 1-1: Called Strike 1-2: Ball 2-2: Foul Ball, location: 2F 2-2: Fly out, F8 (Line Drive, 8RD, EV 86.3 MPH)
|
| Bottom of the 8th over - 0 runs, 1 hit, 0 errors, 0 left on base; Montgomery 0 - Knoxville 5 |
| TOP OF THE 9TH |
|
Montgomery Rebels batting - Pitching for Knoxville Blue Jays : RHP Alex Orozco
|
|
Batting: LHB Dwayne Murphy
|
0-0: Swinging Strike 0-1: Ground out 6-3 (Groundball, 6, EV 86.9 MPH)
|
|
Batting: LHB Greg Brock
|
0-0: Foul Ball, location: 2F 0-1: Ball 1-1: Ball 2-1: Fly out, F9 (Flyball, 9S, EV 78.8 MPH)
|
|
Batting: RHB Eugeniuo Cotes
|
0-0: Ball 1-0: Ball 2-0: Ball 3-0: Base on Balls
|
|
Pitching: RHP Stephen Williams
|
|
|
Batting: SHB Mike Thorpe
|
0-0: Ball 1-0: Ball 2-0: Fly out, F8 (Flyball, 8LD, EV 93.8 MPH)
|
| Top of the 9th over - 0 runs, 0 hits, 0 errors, 1 left on base; Montgomery 0 - Knoxville 5 |
|